 Dungeon Crawl Stone Soup version 0.32-a0-12-g7fc57aa741 (webtiles) character file.

Game seed: 4129993414385346955

108 shadizar the Magician (level 5, 0/40 HPs)
             Began as a Djinni Earth Elementalist on Jan 14, 2024.
             Slain by a steam dragon (5 damage)
             ... on level 4 of the Dungeon.
             The game lasted 00:03:55 (2481 turns).

shadizar the Magician (Djinni Earth Elementalist)   Turns: 2481, Time: 00:03:56

Health: 0/40       AC:  3    Str:  7    XL:     5   Next: 12%
Gold:   200        EV: 12    Int: 18    God:
                   SH:  0    Dex: 14

rFire   + + .        d - +1 dagger (speed)
rCold   x . .        (no shield)
rNeg    . . .        a - +0 robe
rPois   ∞            (no helmet)
rElec   .            (no cloak)
rCorr   .            s - +0 pair of gloves
SInv    .            (boots unavailable)
Will    .....        (no amulet)
Stlth   ++           (no ring)
HPRegen 0.26/turn    (no ring)
MPRegen 0.00/turn

%: infuse magic (-1 HP)
@: flying, very slightly contaminated
A: sickness immunity, fire resistance 2, cold vulnerability 1, float, innate
caster, HP casting, extra vitality 1
a: no special abilities


You were on level 4 of the Dungeon.
You visited 1 branch of the dungeon, and saw 4 of its levels.

You collected 200 gold pieces.

Inventory:

Hand Weapons
 d - a +1 dagger of speed (weapon)
Armour
 a - a +0 robe (worn)
 s - a +0 pair of gloves (worn)
Jewellery
 j - an amulet of faith
 q - a ring of fire
Scrolls
 b - a scroll of noise {unknown}
 c - 3 scrolls of teleportation {unknown}
 f - a scroll of fear {unknown}
 h - 6 scrolls of identify {unknown}
 i - 2 scrolls of enchant armour {unknown}
 o - a scroll of silence {unknown}
 t - a scroll of fog {unknown}
Potions
 e - a potion of might {unknown}
 g - 2 potions of degeneration {unknown}
 k - 2 potions of curing {unknown}
 l - a potion of heal wounds {unknown}
 m - 2 potions of haste {unknown}
 n - a potion of mutation {unknown}
 p - 2 potions of lignification {unknown}
 r - a potion of enlightenment {unknown}


   Skills:
 + Level 3.0 Fighting
 - Level 2.1 Dodging
 - Level 1.5 Stealth
 + Level 3.9 Spellcasting
 + Level 3.9 Conjurations
 + Level 3.9 Hexes
 + Level 3.9 Summonings
 + Level 3.9 Necromancy
 + Level 3.9 Translocations
 + Level 3.9 Fire Magic
 + Level 3.9 Ice Magic
 + Level 3.9 Air Magic
 + Level 3.9 Earth Magic
 + Level 3.9 Alchemy


You knew the following spells:

 Your Spells              Type           Power      Damage    Failure   Level
a - Sandblast             Erth           34%        2d9       3%          1
b - Passwall              Erth           17%        N/A       9%          3
c - Stone Arrow           Conj/Erth      34%        3d9       9%          3
d - Petrify               Alch/Erth      17%        N/A       28%         4
e - Brom's Barrelling Bo  Conj/Erth      17%        2d4       28%         4
f - Slow                  Hex            68%        N/A       3%          1
g - Lesser Beckoning      Tloc           34%        N/A       4%          2
Your spell library was empty.

Dungeon Overview and Level Annotations

Branches:
Dungeon (4/15)
 Temple: D:4-7

Altars:
Ru


Innate Abilities, Weirdness & Mutations

You are immune to sickness and miasma.
You are immune to poison.
Your flesh is very heat resistant. (rF++)
You are vulnerable to cold. (rC-)
You float through the air rather than walking.
You learn spells naturally, not from books.
Your magical power is your life essence.
You have superior vitality. (+4 MHP)


Message History

You miscast Sandblast.
You are very lightly contaminated with residual magic.
Nothing appears to happen.
The steam dragon breathes steam at you. The ball of steam misses you.
Unknown command.
Casting: Sandblast (safe; 3% risk of failure)
Confirm with . or Enter, or press ? or * to list all spells.
Aiming: Sandblast (safe; 3% risk of failure)
Press: ? - help, Shift-Dir - straight line, f/p - steam dragon
Aim: a steam dragon (severely wounded, catching its breath, 82% to hit)
The blast of sand hits the steam dragon.
The steam dragon is severely wounded.
The steam dragon closely misses you. The steam dragon claws you.
The steam dragon bites you. The steam dragon closely misses you.
Casting: Sandblast (safe; 3% risk of failure)
Confirm with . or Enter, or press ? or * to list all spells.
Aiming: Sandblast (safe; 3% risk of failure)
Press: ? - help, Shift-Dir - straight line, f/p - steam dragon
Aim: a steam dragon (severely wounded, 82% to hit)
The blast of sand hits the steam dragon.
The steam dragon is almost dead.
* * * LOW HITPOINT WARNING * * *
The steam dragon breathes steam at you. The ball of steam hits you! You resist.
* * * LOW HITPOINT WARNING * * *
Unknown command.
Unknown command.
Casting: Sandblast (safe; 3% risk of failure)
Confirm with . or Enter, or press ? or * to list all spells.
Aiming: Sandblast (safe; 3% risk of failure)
Press: ? - help, Shift-Dir - straight line, f/p - steam dragon
Aim: a steam dragon (almost dead, catching its breath, 82% to hit)
The blast of sand hits the steam dragon.
The steam dragon is almost dead.
* * * LOW HITPOINT WARNING * * *
The steam dragon barely misses you.
The steam dragon claws you but does no damage.
The steam dragon bites you.
You die...

#########....##
#.....# ##†...##
##########.....##
##.........#.....##
#.................##
#..................#.
#....§...............#
#.....§..)@D.......?.#
#...§..§.....#.....>##
#...†..§...........##
#.................##
#..........<#.......
#..........####......
##......#### #.....
######## .... ...


You could see a steam dragon (catching breath).

Vanquished Creatures
  A jelly (D:4)
  2 dart slugs
  A ribbon worm (D:4)
  2 orcs (D:3)
  4 ball pythons
  A bat (D:1)
  6 endoplasms
  5 giant cockroaches
  10 goblins
  5 hobgoblins
  4 jackals (D:3)
  8 kobolds
  4 quokkas
  4 frilled lizards
  2 rats
59 creatures vanquished.

Notes
Turn   | Place    | Note
-------+----------+-------------------------------------------
     0 | D:1      | shadizar the Djinni Earth Elementalist began the quest for
                  | the Orb.
     0 | D:1      | shadizar set off with the following spells memorised:
                  | Sandblast, Passwall, Stone Arrow, Petrify, Brom's
                  | Barrelling Boulder.
     0 | D:1      | Reached XP level 1. HP: 15/15 MP: 0/0
   121 | D:1      | Reached XP level 2. HP: 21/22 MP: 0/0
   151 | D:1      | Reached skill level 1 in Fighting
   412 | D:1      | Reached XP level 3. HP: 21/27 MP: 0/0
   412 | D:1      | Learned a level 1 spell: Slow
   761 | D:2      | Found a sacrificial altar of Ru.
  1029 | D:2      | Reached XP level 4. HP: 32/33 MP: 0/0
  1715 | D:3      | Found a faded altar of an unknown god.
  2425 | D:4      | Reached XP level 5. HP: 39/40 MP: 0/0
  2425 | D:4      | Learned a level 2 spell: Lesser Beckoning
  2468 | D:4      | Noticed a steam dragon
  2481 | D:4      | Slain by a steam dragon

Illustrated notes

Levels and vault maps discovered:
D:1:      scummos_arrival_forest, layout_basic, minmay_misc_feat_more_columns,
          dk_noncrumbling_4
D:2:      layout_rooms, basic_altar, minmay_hedge_maze
D:3:      layout_loops_corners, ebering_ecumenical_altar_sacrificial,
          lemuel_flame_loot_1
D:4:      layout_cave_pods, minmay_temple_entry_glass, minmay_ruined_shrine,
          uniq_duvessa

Skill      XL: |  1  2  3  4  5 |
---------------+----------------+-----
Fighting       | 1 2 3 |  3.0
Dodging        | |  2.1
Stealth        | |  1.5
Spellcasting   | |  3.9
Conjurations   | |  3.9
Hexes          | |  3.9
Summonings     | |  3.9
Necromancy     | |  3.9
Translocations | |  3.9
Fire Magic     | |  3.9
Ice Magic      | |  3.9
Air Magic      | |  3.9
Earth Magic    | |  3.9
Alchemy        | |  3.9

Action                     |  1- 3 |  4- 6 || total
---------------------------+-------+-------++-------
  Melee: Dagger            |     1 |     2 ||     3
   Cast: Sandblast         |    56 |    45 ||   101
 Armour: Robe              |    15 |    23 ||    38
  Dodge: Dodged            |    11 |    17 ||    28

Table legend: (Time is in decaauts)
 A = Elapsed time spent in this place.
 B = Non-inter-level travel time spent in this place.
 C = Inter-level travel time spent in this place.
 D = Time resting spent in this place.
 E = Time spent auto-exploring this place.
 F = Levels seen in this place.
 G = Mean time per level.
                   A        B        C        D        E       F      G
               +--------+--------+--------+--------+--------+-----+--------+
         Total |   2527 |   2451 |     76 |      0 |   2029 |   4 |  631.8 |
       Dungeon |   2527 |   2451 |     76 |      0 |   2029 |   4 |  631.8 |
               +--------+--------+--------+--------+--------+-----+--------+

Top non-repeatable levels by time:
     D:3: 1195 daAuts
     D:1: 752 daAuts
     D:2: 498 daAuts
     D:4: 82 daAuts
